Rangers vs Kings

Created - 13 février 2021 at 21:24

Goals
1 2 3 T
Rangers 2 1 1 4
Kings 0 2 0 2
Shots
1 2 3 T
Rangers 21 6 13 40
Kings 10 14 9 33

1st period

1. Rangers , Cam Atkinson 15 (Vincent Trocheck 25, Dmitry Kulikov 16) at 14:14
2. Rangers , Connor McDavid 37 (Ryan McDonagh 23) at 19:28 (PP)

Penalties :
Jesper Fast (LOS) for Tripping (Minor) at 17:09, Marco Scandella (LOS) for Roughing (Minor) at 19:24

2nd period

3. Kings , Jonathan Toews 27 (Rickard Rakell 29, Marco Scandella 17) at 2:14
4. Rangers , Nick Leddy 12 (Connor McDavid 55, Cam Atkinson 25) at 4:13 (PP)
5. Kings , John Moore 3 (Stephen Johns 7, Andre Burakovsky 24) at 15:52 (PP)

Penalties :
Rickard Rakell (LOS) for Cross-checking (Minor) at 3:15, Nick Leddy (NYR) for Roughing (Minor) at 14:06

3rd period

6. Rangers , Noel Acciari 14 (Vincent Trocheck 26) at 2:50

Penalties :
Mikael Backlund (LOS) for Holding (Minor) at 8:41, Noel Acciari (NYR) for Tripping (Minor) at 11:56, Erik Cernak (NYR) for Hooking (Minor) at 19:27

Goalie Stats

Andrei Vasilevskiy (NYR), 31 saves from 33 shots - (0,939), W, 28-9-3, 60:00 minutes
Frederik Andersen (LOS), 36 saves from 40 shots - (0,900), L, 18-18-6, 60:00 minutes

Players Stats for Rangers

Player Name              G  A  P  +/- PIM S  H  SB GA TA FO     MP     PP MP  PK MP  
------------------------------------------------------------------------------------
Alexander Radulov        0  0  0   0  0   3  4  0  0  0  2/4    21:37   2:08   0:00 
Andrew Ladd              0  0  0   0  0   1  2  0  0  0  1/1    12:00   2:47   0:00 
Brandon Pirri            0  0  0   0  0   0  0  0  0  0  0/4     7:15   0:00   0:03 
Cal Clutterbuck          0  0  0   0  0   0  0  0  0  0  0/0    10:50   0:00   1:37 
Cam Atkinson             1  1  2   1  0   4  0  0  0  0  0/1    16:57   2:08   0:00 
Connor McDavid           1  1  2   0  0   9  0  2  0  0  12/28  21:37   2:08   0:00 
David Savard             0  0  0   0  0   0  3  1  0  0  0/0    18:40   0:00   2:24 
Devin Shore              0  0  0   0  0   2  0  0  0  0  2/4     7:55   0:00   0:43 
Dmitry Kulikov           0  1  1   1  0   0  0  1  0  0  0/0    14:49   0:00   0:44 
Erik Cernak              0  0  0   1  2   1  0  2  0  0  0/0    14:04   0:00   0:00 
Matt Niskanen            0  0  0   0  0   2  2  3  0  0  0/0    24:28   2:13   1:53 
Milan Lucic              0  0  0   0  0   1  2  0  0  0  0/0     7:12   0:00   0:00 
Nick Bonino              0  0  0   0  0   2  0  0  0  0  8/13   11:50   0:00   2:37 
Nick Leddy               1  0  1   0  2   2  2  2  0  0  0/0    23:43   2:13   1:09 
Noel Acciari             1  0  1   1  2   5  2  0  0  0  3/4    19:27   2:52   1:47 
Ryan McDonagh            0  1  1   0  0   2  0  3  0  0  0/0    21:27   2:47   2:24 
Vincent Trocheck         0  2  2   1  0   5  3  0  0  0  18/31  19:18   2:52   1:37 
Zach Hyman               0  0  0   0  0   1  0  0  0  0  0/2    22:31   2:52   0:10 

Players Stats for Kings

Player Name              G  A  P  +/- PIM S  H  SB GA TA FO     MP     PP MP  PK MP  
------------------------------------------------------------------------------------
Andre Burakovsky         0  1  1  -1  0   4  0  0  0  0  0/0    19:44   2:21   1:07 
Anthony Bitetto          0  0  0   0  0   0  5  2  0  0  0/0    15:20   0:00   0:04 
Conor Sheary             0  0  0   0  0   0  0  0  0  0  0/0     0:46   0:00   0:24 
Corey Perry              0  0  0  -1  0   0  3  0  0  0  0/1    14:38   0:00   0:00 
Jesper Fast              0  0  0  -1  2   2  3  0  0  0  0/1    18:36   2:21   0:00 
John Moore               1  0  1  -1  0   3  0  2  0  0  0/0    20:06   1:49   2:47 
Jonathan Toews           1  0  1   1  0   6  1  0  0  0  15/33  24:56   1:56   3:33 
Jordan Eberle            0  0  0   1  0   1  1  0  0  0  0/1    17:16   1:56   0:48 
Lucas Wallmark           0  0  0   0  0   0  1  0  0  0  3/5     5:23   0:00   0:06 
Marc-Edouard Vlasic      0  0  0   0  0   2  1  1  0  0  0/0    24:38   2:28   2:13 
Marco Scandella          0  1  1   0  2   1  5  1  0  0  0/0    24:33   2:28   2:09 
Mikael Backlund          0  0  0  -1  2   6  1  0  0  0  19/33  20:49   2:21   2:13 
Nick Paul                0  0  0  -1  0   2  0  0  0  0  8/16   14:38   0:00   0:00 
Nicolas Hague            0  0  0   0  0   1  0  3  0  0  0/0    15:16   0:00   0:00 
Rickard Rakell           0  1  1   1  2   5  0  0  0  0  0/1    16:59   1:56   0:32 
Stephen Johns            0  1  1  -1  0   0  1  1  0  0  0/0    20:06   1:49   2:47 
Tyler Motte              0  0  0   0  0   0  1  0  0  0  0/0     5:17   0:00   0:00 
Zemgus Girgensons        0  0  0  -1  0   0  0  2  0  0  1/1    15:55   0:00   1:17 

3 Stars

1 - Cam Atkinson (NYR)
2 - Vincent Trocheck (NYR)
3 - Connor McDavid (NYR)

Power Play

Rangers - 2 on 4 Attempt(s) - 50,00%
Kings - 1 on 3 Attempt(s) - 33,33%

Penalty Kill

Rangers - 2 on 3 Attempt(s) - 66,67% - Score 0 goal in Penalty Kill
Kings - 2 on 4 Attempt(s) - 50,00% - Score 0 goal in Penalty Kill

Team Stat

Rangers - Hits : 20 - Faceoff Wins : 46 - Blocked Shots : 14 - Penalty Minutes : 6
Kings - Hits : 23 - Faceoff Wins : 46 - Blocked Shots : 12 - Penalty Minutes : 8

Official

Referees : Kenny Anderson and Andrew Wilk
Linesman : Dennis Urban and Kiel Murchison

Game Notes

No Game Note

Finance

Level 1 -- Attendance: 6355 (97,77%) -- Ticket Income 603 725 $
Level 2 -- Attendance: 4503 (90,06%) -- Ticket Income 337 725 $
Level 3 -- Attendance: 3111 (88,89%) -- Ticket Income 171 105 $
Level 4 -- Attendance: 2118 (100,00%) -- Ticket Income 84 720 $
Luxury Box -- Attendance: 865 (86,50%) -- Ticket Income 194 625 $
Game was played at the Staples Center.
Total Attendance: 16952 (93,56%)
Total Ticket Income: 1 391 900 $
Other Income: 682 031 $
Total Income: 2 073 931 $

% Time on Ice - Rangers

Lines # - Real PCT - Wanted PCT - Time Play
Normal Forward
1 - 38% - 43% - 19:29
2 - 29% - 33% - 14:49
3 - 18% - 15% - 9:13
4 - 14% - 9% - 7:12
Normal Defense
1 - 40% - 44% - 20:22
2 - 32% - 33% - 16:16
3 - 28% - 23% - 14:05
4 - 0% - 0% - 0:00
PP Forward
1 - 43% - 53% - 2:08
2 - 57% - 47% - 2:52
PP Defense
1 - 44% - 53% - 2:13
2 - 56% - 47% - 2:47
PK Forward
1 - 62% - 55% - 2:40
2 - 38% - 45% - 1:37
PK Defense
1 - 44% - 55% - 1:53
2 - 56% - 45% - 2:24
PK3 Forward
1 - 0% - 55%
2 - 0% - 45%
PK3 Defense
1 - 0% - 55%
2 - 0% - 45%
44 Forward
1 - 0% - 55%
2 - 0% - 45%
44 Defense
1 - 0% - 55%
2 - 0% - 45%
Last Minute Offensive  - 0:00
Last Minute Defensive  - 0:00
Total
Forward - 60:00
Defense - 60:00

% Time on Ice - Kings

Lines # - Real PCT - Wanted PCT - Time Play
Normal Forward
1 - 29% - 40% - 14:32
2 - 32% - 30% - 16:16
3 - 29% - 20% - 14:38
4 - 10% - 10% - 5:17
Normal Defense
1 - 35% - 40% - 17:50
2 - 31% - 30% - 15:30
3 - 30% - 20% - 15:16
4 - 4% - 10% - 2:07
PP Forward
1 - 45% - 60% - 1:56
2 - 55% - 40% - 2:21
PP Defense
1 - 58% - 60% - 2:28
2 - 42% - 40% - 1:49
PK Forward
1 - 84% - 60% - 4:12
2 - 16% - 40% - 0:48
PK Defense
1 - 44% - 60% - 2:13
2 - 56% - 40% - 2:47
PK3 Forward
1 - 0% - 60%
2 - 0% - 40%
PK3 Defense
1 - 0% - 60%
2 - 0% - 40%
44 Forward
1 - 0% - 60%
2 - 0% - 40%
44 Defense
1 - 0% - 60%
2 - 0% - 40%
Last Minute Offensive  - 0:00
Last Minute Defensive  - 0:00
Total
Forward - 60:00
Defense - 60:00

Play-by-Play

1st period


0:01 of 1st period - Connor McDavid wins face-off versus Jonathan Toews in neutral zone.
0:06 of 1st period - Shot by Alexander Radulov.
0:06 of 1st period - Shot Misses the Net.
0:08 of 1st period - Shot by Connor McDavid.
0:08 of 1st period - Shot Misses the Net.
0:32 of 1st period - Shot by Alexander Radulov.
0:32 of 1st period - Stopped by Frederik Andersen without a rebound.
0:33 of 1st period - Vincent Trocheck wins face-off versus Mikael Backlund in Kings zone.
0:36 of 1st period - Shot by Cam Atkinson.
0:36 of 1st period - Stopped by Frederik Andersen with a rebound.
0:38 of 1st period - Shot by Noel Acciari.
0:38 of 1st period - Shot Misses the Net.
0:51 of 1st period - Icing by John Moore.
0:52 of 1st period - Nick Bonino wins face-off versus Mikael Backlund in Kings zone.
1:14 of 1st period - Icing by Jesper Fast.
1:15 of 1st period - Mikael Backlund wins face-off versus Brandon Pirri in Kings zone.
1:32 of 1st period - Shot by Ryan McDonagh.
1:32 of 1st period - Stopped by Frederik Andersen without a rebound.
1:33 of 1st period - Vincent Trocheck wins face-off versus Corey Perry in Kings zone.
1:39 of 1st period - Icing by Nicolas Hague.
1:40 of 1st period - Nick Paul wins face-off versus Connor McDavid in Kings zone.
1:40 of 1st period - Nick Paul is hit by Alexander Radulov.
1:56 of 1st period - Shot by Nick Paul.
1:56 of 1st period - Stopped by Andrei Vasilevskiy without a rebound.
1:57 of 1st period - Vincent Trocheck wins face-off versus Jordan Eberle in Rangers zone.
2:22 of 1st period - Erik Cernak is hit by Jonathan Toews and loses puck.
2:37 of 1st period - Shot by Jordan Eberle.
2:37 of 1st period - Stopped by Andrei Vasilevskiy without a rebound.
2:38 of 1st period - Connor McDavid wins face-off versus Nick Paul in Rangers zone.
2:51 of 1st period - Zach Hyman is hit by Corey Perry and loses puck.
3:02 of 1st period - Shot by Corey Perry.
3:02 of 1st period - Shot Misses the Net.
3:04 of 1st period - Shot by Nicolas Hague.
3:04 of 1st period - Shot Blocked by Ryan McDonagh.
3:06 of 1st period - Shot by Nicolas Hague.
3:06 of 1st period - Stopped by Andrei Vasilevskiy without a rebound.
3:07 of 1st period - Nick Bonino wins face-off versus Mikael Backlund in Rangers zone.
3:33 of 1st period - Mikael Backlund is hit by Matt Niskanen and loses puck.
3:36 of 1st period - Shot by Mikael Backlund.
3:36 of 1st period - Shot Blocked by Matt Niskanen.
3:46 of 1st period - Shot by Mikael Backlund.
3:46 of 1st period - Shot Misses the Net.
3:57 of 1st period - Off-side.
3:58 of 1st period - Jonathan Toews wins face-off versus Connor McDavid in neutral zone.
4:10 of 1st period - Alexander Radulov is hit by Marco Scandella and loses puck.
4:23 of 1st period - Shot by Connor McDavid.
4:23 of 1st period - Stopped by Frederik Andersen with a rebound.
4:31 of 1st period - Shot by Connor McDavid.
4:31 of 1st period - Stopped by Frederik Andersen with a rebound.
4:33 of 1st period - Shot by Ryan McDonagh.
4:33 of 1st period - Stopped by Frederik Andersen without a rebound.
4:34 of 1st period - Vincent Trocheck wins face-off versus Nick Paul in Kings zone.
4:59 of 1st period - Shot by Noel Acciari.
4:59 of 1st period - Shot Misses the Net.
5:41 of 1st period - Icing by Nick Leddy.
5:42 of 1st period - Devin Shore wins face-off versus Jonathan Toews in Rangers zone.
6:16 of 1st period - Shot by Jonathan Toews.
6:16 of 1st period - Stopped by Andrei Vasilevskiy without a rebound.
6:17 of 1st period - Mikael Backlund wins face-off versus Connor McDavid in Rangers zone.
6:18 of 1st period - Shot by Jesper Fast.
6:18 of 1st period - Stopped by Andrei Vasilevskiy without a rebound.
6:19 of 1st period - Connor McDavid wins face-off versus Mikael Backlund in Rangers zone.
6:19 of 1st period - Connor McDavid is hit by Mikael Backlund.
6:24 of 1st period - Off-side.
6:25 of 1st period - Mikael Backlund wins face-off versus Zach Hyman in neutral zone.
6:32 of 1st period - Shot by Mikael Backlund.
6:32 of 1st period - Stopped by Andrei Vasilevskiy without a rebound.
6:33 of 1st period - Connor McDavid wins face-off versus Lucas Wallmark in Rangers zone.
6:33 of 1st period - Connor McDavid is hit by Lucas Wallmark.
7:02 of 1st period - Icing by Marco Scandella.
7:03 of 1st period - Jonathan Toews wins face-off versus Vincent Trocheck in Kings zone.
7:08 of 1st period - Cam Atkinson is hit by Tyler Motte and loses puck.
7:14 of 1st period - Vincent Trocheck is hit by Marc-Edouard Vlasic and loses puck.
7:39 of 1st period - Shot by Noel Acciari.
7:39 of 1st period - Shot Misses the Net.
7:41 of 1st period - Shot by Noel Acciari.
7:41 of 1st period - Stopped by Frederik Andersen without a rebound.
7:42 of 1st period - Nick Paul wins face-off versus Connor McDavid in Kings zone.
7:49 of 1st period - Shot by Nick Paul.
7:49 of 1st period - Stopped by Andrei Vasilevskiy without a rebound.
7:50 of 1st period - Connor McDavid wins face-off versus Mikael Backlund in Rangers zone.
8:27 of 1st period - Shot by Alexander Radulov.
8:27 of 1st period - Stopped by Frederik Andersen without a rebound.
8:28 of 1st period - Jonathan Toews wins face-off versus Vincent Trocheck in Kings zone.
8:53 of 1st period - Marco Scandella is hit by Noel Acciari and loses puck.
10:20 of 1st period - Jesper Fast is hit by Alexander Radulov and loses puck.
11:17 of 1st period - Shot by Vincent Trocheck.
11:17 of 1st period - Stopped by Frederik Andersen without a rebound.
11:18 of 1st period - Vincent Trocheck wins face-off versus Jonathan Toews in Kings zone.
11:29 of 1st period - Shot by Noel Acciari.
11:29 of 1st period - Stopped by Frederik Andersen without a rebound.
11:30 of 1st period - Jonathan Toews wins face-off versus Brandon Pirri in Kings zone.
11:30 of 1st period - Jonathan Toews is hit by Milan Lucic.
12:04 of 1st period - Devin Shore is hit by Anthony Bitetto and loses puck.
12:24 of 1st period - Tyler Motte is hit by Vincent Trocheck.
12:29 of 1st period - Off-side.
12:30 of 1st period - Nick Bonino wins face-off versus Mikael Backlund in neutral zone.
12:49 of 1st period - Mikael Backlund is hit by Andrew Ladd.
13:31 of 1st period - Shot by Connor McDavid.
13:31 of 1st period - Shot Misses the Net.
13:34 of 1st period - Icing by John Moore.
13:35 of 1st period - Vincent Trocheck wins face-off versus Nick Paul in Kings zone.
13:38 of 1st period - Shot by Cam Atkinson.
13:38 of 1st period - Deflect By Vincent Trocheck.
13:38 of 1st period - Stopped by Frederik Andersen without a rebound.
13:39 of 1st period - Connor McDavid wins face-off versus Jonathan Toews in Kings zone.
13:52 of 1st period - Shot by Connor McDavid.
13:52 of 1st period - Stopped by Frederik Andersen without a rebound.
13:53 of 1st period - Vincent Trocheck wins face-off versus Nick Paul in Kings zone.
13:55 of 1st period - Cam Atkinson is hit by Marco Scandella and loses puck.
14:14 of 1st period - Shot by Cam Atkinson.
14:14 of 1st period - Goal by Cam Atkinson - Rangers : 1 - Kings : 0.
14:15 of 1st period - Mikael Backlund wins face-off versus Connor McDavid in neutral zone.
14:36 of 1st period - Shot by Connor McDavid.
14:36 of 1st period - Stopped by Frederik Andersen without a rebound.
14:37 of 1st period - Vincent Trocheck wins face-off versus Jonathan Toews in Kings zone.
14:58 of 1st period - Shot by Jonathan Toews.
14:58 of 1st period - Stopped by Andrei Vasilevskiy without a rebound.
14:59 of 1st period - Mikael Backlund wins face-off versus Connor McDavid in Rangers zone.
15:06 of 1st period - Shot by Andre Burakovsky.
15:06 of 1st period - Shot Misses the Net.
15:11 of 1st period - Shot by Jesper Fast.
15:11 of 1st period - Stopped by Andrei Vasilevskiy with a rebound.
15:13 of 1st period - Shot by John Moore.
15:13 of 1st period - Shot Misses the Net.
15:21 of 1st period - Shot by Andre Burakovsky.
15:21 of 1st period - Shot Misses the Net.
15:23 of 1st period - Shot by Jesper Fast.
15:23 of 1st period - Shot Blocked by Connor McDavid.
15:31 of 1st period - Shot by Alexander Radulov.
15:31 of 1st period - Shot Misses the Net.
15:37 of 1st period - Ryan McDonagh is hit by Jesper Fast and loses puck.
16:16 of 1st period - Shot by Marco Scandella.
16:16 of 1st period - Stopped by Andrei Vasilevskiy without a rebound.
16:17 of 1st period - Nick Paul wins face-off versus Vincent Trocheck in Rangers zone.
16:32 of 1st period - Shot by Nick Paul.
16:32 of 1st period - Shot Blocked by Nick Leddy.
16:52 of 1st period - Shot by Vincent Trocheck.
16:52 of 1st period - Shot Misses the Net.
16:54 of 1st period - Shot by Nick Leddy.
16:54 of 1st period - Deflect By Vincent Trocheck.
16:54 of 1st period - Shot Misses the Net.
16:56 of 1st period - Shot by Cam Atkinson.
16:56 of 1st period - Shot Blocked by Anthony Bitetto.
17:09 of 1st period - Minor Penalty to Jesper Fast for Tripping.
17:10 of 1st period - Jonathan Toews wins face-off versus Connor McDavid in Kings zone.
17:19 of 1st period - Shot by Andrew Ladd.
17:19 of 1st period - Stopped by Frederik Andersen without a rebound.
17:20 of 1st period - Vincent Trocheck wins face-off versus Jonathan Toews in Kings zone.
17:21 of 1st period - Shot by Matt Niskanen.
17:21 of 1st period - Stopped by Frederik Andersen without a rebound.
17:22 of 1st period - Vincent Trocheck wins face-off versus Jonathan Toews in Kings zone.
17:31 of 1st period - Shot by Noel Acciari.
17:31 of 1st period - Stopped by Frederik Andersen with a rebound.
17:33 of 1st period - Shot by Nick Leddy.
17:33 of 1st period - Stopped by Frederik Andersen without a rebound.
17:34 of 1st period - Jonathan Toews wins face-off versus Connor McDavid in Kings zone.
18:04 of 1st period - Shot by Connor McDavid.
18:04 of 1st period - Shot Misses the Net.
18:50 of 1st period - Shot by Jonathan Toews.
18:50 of 1st period - Shot Misses the Net.
19:20 of 1st period - Shot by Milan Lucic.
19:20 of 1st period - Stopped by Frederik Andersen with a rebound.
19:22 of 1st period - Shot by Devin Shore.
19:22 of 1st period - Stopped by Frederik Andersen without a rebound.
19:23 of 1st period - Andrew Ladd wins face-off versus Nick Paul in Kings zone.
19:23 of 1st period - Andrew Ladd is hit by Marco Scandella.
19:24 of 1st period - Minor Penalty to Marco Scandella for Roughing.
19:25 of 1st period - Connor McDavid wins face-off versus Rickard Rakell in Kings zone.
19:28 of 1st period - Shot by Connor McDavid.
19:28 of 1st period - Goal by Connor McDavid - Rangers : 2 - Kings : 0.
19:29 of 1st period - Devin Shore wins face-off versus Nick Paul in neutral zone.
19:29 of 1st period - Devin Shore is hit by Corey Perry.
19:57 of 1st period - Devin Shore is hit by Marco Scandella.
Goals for this period are 2 for Rangers vs 0 for Kings.
Shots for this period are 21 for Rangers vs 10 for Kings.

2nd period


0:01 of 2nd period - Jonathan Toews wins face-off versus Connor McDavid in neutral zone.
0:18 of 2nd period - Shot by Jonathan Toews.
0:18 of 2nd period - Stopped by Andrei Vasilevskiy without a rebound.
0:19 of 2nd period - Noel Acciari wins face-off versus Mikael Backlund in Rangers zone.
0:19 of 2nd period - Vincent Trocheck is hit by Jesper Fast and loses puck.
0:34 of 2nd period - Shot by Mikael Backlund.
0:34 of 2nd period - Shot Misses the Net.
0:38 of 2nd period - Shot by Andre Burakovsky.
0:38 of 2nd period - Shot Misses the Net.
0:40 of 2nd period - Shot by John Moore.
0:40 of 2nd period - Stopped by Andrei Vasilevskiy without a rebound.
0:41 of 2nd period - Jonathan Toews wins face-off versus Connor McDavid in Rangers zone.
0:44 of 2nd period - Shot by Rickard Rakell.
0:44 of 2nd period - Shot Blocked by Nick Leddy.
1:01 of 2nd period - Off-side.
1:02 of 2nd period - Mikael Backlund wins face-off versus Vincent Trocheck in neutral zone.
1:04 of 2nd period - Off-side.
1:05 of 2nd period - Vincent Trocheck wins face-off versus Mikael Backlund in neutral zone.
1:33 of 2nd period - Shot by Mikael Backlund.
1:33 of 2nd period - Shot Misses the Net.
2:12 of 2nd period - Shot by Jonathan Toews.
2:12 of 2nd period - Shot Blocked by David Savard.
2:14 of 2nd period - Shot by Jonathan Toews.
2:14 of 2nd period - Goal by Jonathan Toews - Rangers : 2 - Kings : 1.
2:15 of 2nd period - Nick Paul wins face-off versus Connor McDavid in neutral zone.
2:41 of 2nd period - Connor McDavid is hit by Anthony Bitetto and loses puck.
3:15 of 2nd period - Minor Penalty to Rickard Rakell for Cross-checking.
3:16 of 2nd period - Noel Acciari wins face-off versus Jonathan Toews in Kings zone.
3:19 of 2nd period - Shot by Ryan McDonagh.
3:19 of 2nd period - Shot Blocked by John Moore.
3:21 of 2nd period - Shot by Ryan McDonagh.
3:21 of 2nd period - Shot Misses the Net.
3:23 of 2nd period - Shot by Zach Hyman.
3:23 of 2nd period - Shot Blocked by John Moore.
3:25 of 2nd period - Shot by Ryan McDonagh.
3:25 of 2nd period - Shot Misses the Net.
3:35 of 2nd period - Shot by Vincent Trocheck.
3:35 of 2nd period - Stopped by Frederik Andersen with a rebound.
3:41 of 2nd period - Shot by Andrew Ladd.
3:41 of 2nd period - Shot Misses the Net.
4:11 of 2nd period - Shot by Connor McDavid.
4:11 of 2nd period - Shot Blocked by Marc-Edouard Vlasic.
4:13 of 2nd period - Shot by Nick Leddy.
4:13 of 2nd period - Goal by Nick Leddy - Rangers : 3 - Kings : 1.
4:14 of 2nd period - Zemgus Girgensons wins face-off versus Devin Shore in neutral zone.
4:49 of 2nd period - Shot by Milan Lucic.
4:49 of 2nd period - Shot Misses the Net.
5:11 of 2nd period - Shot by Nick Bonino.
5:11 of 2nd period - Stopped by Frederik Andersen without a rebound.
5:12 of 2nd period - Connor McDavid wins face-off versus Jonathan Toews in Kings zone.
5:47 of 2nd period - Shot by Connor McDavid.
5:47 of 2nd period - Stopped by Frederik Andersen without a rebound.
5:48 of 2nd period - Mikael Backlund wins face-off versus Vincent Trocheck in Kings zone.
5:48 of 2nd period - Mikael Backlund is hit by Noel Acciari.
6:11 of 2nd period - Icing by David Savard.
6:12 of 2nd period - Lucas Wallmark wins face-off versus Vincent Trocheck in Rangers zone.
6:13 of 2nd period - Shot by Tyler Motte.
6:13 of 2nd period - Shot Blocked by Ryan McDonagh.
6:15 of 2nd period - Shot by Marco Scandella.
6:15 of 2nd period - Shot Misses the Net.
6:40 of 2nd period - Icing by Tyler Motte.
6:41 of 2nd period - Lucas Wallmark wins face-off versus Connor McDavid in Kings zone.
7:14 of 2nd period - Shot by Andre Burakovsky.
7:14 of 2nd period - Shot Misses the Net.
7:30 of 2nd period - Shot by Jesper Fast.
7:30 of 2nd period - Shot Hit the Post.
7:32 of 2nd period - Shot by Mikael Backlund.
7:32 of 2nd period - Stopped by Andrei Vasilevskiy without a rebound.
7:33 of 2nd period - Nick Paul wins face-off versus Nick Bonino in Rangers zone.
8:08 of 2nd period - Shot by Nick Paul.
8:08 of 2nd period - Shot Misses the Net.
8:36 of 2nd period - Shot by Noel Acciari.
8:36 of 2nd period - Shot Blocked by Anthony Bitetto.
8:54 of 2nd period - Vincent Trocheck is hit by Anthony Bitetto and loses puck.
10:19 of 2nd period - Shot by Zach Hyman.
10:19 of 2nd period - Shot Misses the Net.
10:21 of 2nd period - Shot by Erik Cernak.
10:21 of 2nd period - Stopped by Frederik Andersen without a rebound.
10:22 of 2nd period - Nick Bonino wins face-off versus Mikael Backlund in Kings zone.
10:48 of 2nd period - Andre Burakovsky is hit by David Savard.
11:40 of 2nd period - Shot by Connor McDavid.
11:40 of 2nd period - Shot Misses the Net.
11:50 of 2nd period - Shot by Rickard Rakell.
11:50 of 2nd period - Shot Blocked by Erik Cernak.
11:52 of 2nd period - Shot by Rickard Rakell.
11:52 of 2nd period - Stopped by Andrei Vasilevskiy with a rebound.
11:54 of 2nd period - Shot by Rickard Rakell.
11:54 of 2nd period - Stopped by Andrei Vasilevskiy without a rebound.
11:55 of 2nd period - Mikael Backlund wins face-off versus Vincent Trocheck in Rangers zone.
11:55 of 2nd period - Mikael Backlund is hit by Nick Leddy.
12:03 of 2nd period - Shot by Jesper Fast.
12:03 of 2nd period - Shot Misses the Net.
12:05 of 2nd period - Shot by Jesper Fast.
12:05 of 2nd period - Deflect By Andre Burakovsky.
12:05 of 2nd period - Stopped by Andrei Vasilevskiy without a rebound.
12:06 of 2nd period - Nick Paul wins face-off versus Devin Shore in Rangers zone.
12:06 of 2nd period - Nick Paul is hit by Matt Niskanen.
12:40 of 2nd period - Nick Leddy is hit by Corey Perry and loses puck.
13:23 of 2nd period - Shot by Jordan Eberle.
13:23 of 2nd period - Deflect By Jonathan Toews.
13:23 of 2nd period - Shot Misses the Net.
13:26 of 2nd period - Icing by Zach Hyman.
13:27 of 2nd period - Mikael Backlund wins face-off versus Connor McDavid in Rangers zone.
13:30 of 2nd period - Shot by Andre Burakovsky.
13:30 of 2nd period - Stopped by Andrei Vasilevskiy without a rebound.
13:31 of 2nd period - Mikael Backlund wins face-off versus Vincent Trocheck in Rangers zone.
13:39 of 2nd period - Andre Burakovsky is hit by David Savard and loses puck.
13:52 of 2nd period - Off-side.
13:53 of 2nd period - Connor McDavid wins face-off versus Jonathan Toews in neutral zone.
14:06 of 2nd period - Minor Penalty to Nick Leddy for Roughing.
14:07 of 2nd period - Nick Bonino wins face-off versus Mikael Backlund in Rangers zone.
14:40 of 2nd period - Shot by Mikael Backlund.
14:40 of 2nd period - Stopped by Andrei Vasilevskiy with a rebound.
14:42 of 2nd period - Shot by Stephen Johns.
14:42 of 2nd period - Shot Misses the Net.
14:44 of 2nd period - Shot by John Moore.
14:44 of 2nd period - Stopped by Andrei Vasilevskiy without a rebound.
14:45 of 2nd period - Vincent Trocheck wins face-off versus Jonathan Toews in Rangers zone.
15:22 of 2nd period - Shot by Rickard Rakell.
15:22 of 2nd period - Shot Misses the Net.
15:48 of 2nd period - Shot by Andre Burakovsky.
15:48 of 2nd period - Shot Misses the Net.
15:50 of 2nd period - Shot by Stephen Johns.
15:50 of 2nd period - Shot Misses the Net.
15:52 of 2nd period - Shot by John Moore.
15:52 of 2nd period - Goal by John Moore - Rangers : 3 - Kings : 2.
15:53 of 2nd period - Nick Paul wins face-off versus Alexander Radulov in neutral zone.
16:06 of 2nd period - Shot by Zach Hyman.
16:06 of 2nd period - Stopped by Frederik Andersen without a rebound.
16:07 of 2nd period - Lucas Wallmark wins face-off versus Brandon Pirri in Kings zone.
16:11 of 2nd period - Lucas Wallmark is hit by Milan Lucic and loses puck.
16:24 of 2nd period - Shot by Lucas Wallmark.
16:24 of 2nd period - Deflect By Jonathan Toews.
16:24 of 2nd period - Shot Misses the Net.
16:28 of 2nd period - Shot by Jonathan Toews.
16:28 of 2nd period - Stopped by Andrei Vasilevskiy without a rebound.
16:29 of 2nd period - Connor McDavid wins face-off versus Mikael Backlund in Rangers zone.
16:42 of 2nd period - Shot by Andre Burakovsky.
16:42 of 2nd period - Stopped by Andrei Vasilevskiy with a rebound.
17:06 of 2nd period - Shot by Connor McDavid.
17:06 of 2nd period - Shot Misses the Net.
17:08 of 2nd period - Shot by Matt Niskanen.
17:08 of 2nd period - Shot Misses the Net.
17:36 of 2nd period - Shot by Rickard Rakell.
17:36 of 2nd period - Stopped by Andrei Vasilevskiy without a rebound.
17:37 of 2nd period - Nick Bonino wins face-off versus Nick Paul in Rangers zone.
18:10 of 2nd period - Shot by Zemgus Girgensons.
18:10 of 2nd period - Shot Misses the Net.
18:12 of 2nd period - Shot by Zemgus Girgensons.
18:12 of 2nd period - Deflect By Corey Perry.
18:12 of 2nd period - Shot Blocked by Erik Cernak.
18:24 of 2nd period - Rickard Rakell is hit by Andrew Ladd and loses puck.
18:56 of 2nd period - Nick Bonino is hit by Jordan Eberle and loses puck.
19:00 of 2nd period - Off-side.
19:01 of 2nd period - Mikael Backlund wins face-off versus Alexander Radulov in neutral zone.
19:07 of 2nd period - Marc-Edouard Vlasic is hit by Nick Leddy and loses puck.
19:23 of 2nd period - Zach Hyman is hit by Marco Scandella and loses puck.
Goals for this period are 1 for Rangers vs 2 for Kings.
Shots for this period are 6 for Rangers vs 14 for Kings.

3rd period


0:01 of 3rd period - Alexander Radulov wins face-off versus Jonathan Toews in neutral zone.
0:06 of 3rd period - Shot by Matt Niskanen.
0:06 of 3rd period - Deflect By Connor McDavid.
0:06 of 3rd period - Shot Blocked by Marco Scandella.
0:08 of 3rd period - Shot by Matt Niskanen.
0:08 of 3rd period - Shot Misses the Net.
0:10 of 3rd period - Shot by Zach Hyman.
0:10 of 3rd period - Deflect By Connor McDavid.
0:10 of 3rd period - Shot Misses the Net.
0:12 of 3rd period - Shot by Matt Niskanen.
0:12 of 3rd period - Stopped by Frederik Andersen without a rebound.
0:13 of 3rd period - Noel Acciari wins face-off versus Jesper Fast in Kings zone.
0:18 of 3rd period - Shot by Cam Atkinson.
0:18 of 3rd period - Stopped by Frederik Andersen with a rebound.
0:26 of 3rd period - Shot by Cam Atkinson.
0:26 of 3rd period - Stopped by Frederik Andersen without a rebound.
0:27 of 3rd period - Connor McDavid wins face-off versus Jonathan Toews in Kings zone.
0:36 of 3rd period - Shot by Alexander Radulov.
0:36 of 3rd period - Stopped by Frederik Andersen with a rebound.
0:50 of 3rd period - Shot by Rickard Rakell.
0:50 of 3rd period - Stopped by Andrei Vasilevskiy without a rebound.
0:51 of 3rd period - Vincent Trocheck wins face-off versus Mikael Backlund in Rangers zone.
1:10 of 3rd period - Shot by Andre Burakovsky.
1:10 of 3rd period - Stopped by Andrei Vasilevskiy with a rebound.
1:46 of 3rd period - Icing by Jordan Eberle.
1:47 of 3rd period - Alexander Radulov wins face-off versus Jonathan Toews in Kings zone.
1:48 of 3rd period - Shot by Connor McDavid.
1:48 of 3rd period - Stopped by Frederik Andersen without a rebound.
1:49 of 3rd period - Connor McDavid wins face-off versus Jonathan Toews in Kings zone.
2:32 of 3rd period - Off-side.
2:33 of 3rd period - Mikael Backlund wins face-off versus Nick Bonino in neutral zone.
2:39 of 3rd period - Shot by Mikael Backlund.
2:39 of 3rd period - Stopped by Andrei Vasilevskiy without a rebound.
2:40 of 3rd period - Mikael Backlund wins face-off versus Noel Acciari in Rangers zone.
2:43 of 3rd period - Shot by Mikael Backlund.
2:43 of 3rd period - Stopped by Andrei Vasilevskiy without a rebound.
2:44 of 3rd period - Vincent Trocheck wins face-off versus Mikael Backlund in Rangers zone.
2:44 of 3rd period - Vincent Trocheck is hit by Jesper Fast.
2:50 of 3rd period - Shot by Noel Acciari.
2:50 of 3rd period - Goal by Noel Acciari - Rangers : 4 - Kings : 2.
2:51 of 3rd period - Jonathan Toews wins face-off versus Vincent Trocheck in neutral zone.
3:03 of 3rd period - Off-side.
3:04 of 3rd period - Mikael Backlund wins face-off versus Connor McDavid in neutral zone.
3:16 of 3rd period - Andre Burakovsky is hit by David Savard.
3:26 of 3rd period - Mikael Backlund is hit by Alexander Radulov and loses puck.
5:06 of 3rd period - Nick Paul is hit by Vincent Trocheck and loses puck.
6:12 of 3rd period - Icing by Stephen Johns.
6:13 of 3rd period - Mikael Backlund wins face-off versus Brandon Pirri in Kings zone.
7:16 of 3rd period - Alexander Radulov is hit by Anthony Bitetto.
7:34 of 3rd period - Shot by Connor McDavid.
7:34 of 3rd period - Stopped by Frederik Andersen without a rebound.
7:35 of 3rd period - Jonathan Toews wins face-off versus Nick Bonino in Kings zone.
7:48 of 3rd period - Shot by Jonathan Toews.
7:48 of 3rd period - Shot Blocked by Matt Niskanen.
7:50 of 3rd period - Shot by Marc-Edouard Vlasic.
7:50 of 3rd period - Shot Blocked by Matt Niskanen.
7:52 of 3rd period - Shot by Marc-Edouard Vlasic.
7:52 of 3rd period - Stopped by Andrei Vasilevskiy with a rebound.
7:54 of 3rd period - Shot by Marco Scandella.
7:54 of 3rd period - Shot Misses the Net.
8:04 of 3rd period - Shot by Marc-Edouard Vlasic.
8:04 of 3rd period - Stopped by Andrei Vasilevskiy with a rebound.
8:30 of 3rd period - Shot by Mikael Backlund.
8:30 of 3rd period - Stopped by Andrei Vasilevskiy without a rebound.
8:31 of 3rd period - Mikael Backlund wins face-off versus Connor McDavid in Rangers zone.
8:36 of 3rd period - Shot by Andre Burakovsky.
8:36 of 3rd period - Shot Misses the Net.
8:41 of 3rd period - Minor Penalty to Mikael Backlund for Holding.
8:42 of 3rd period - Vincent Trocheck wins face-off versus Jonathan Toews in Kings zone.
9:05 of 3rd period - Shot by Vincent Trocheck.
9:05 of 3rd period - Stopped by Frederik Andersen without a rebound.
9:06 of 3rd period - Jonathan Toews wins face-off versus Cam Atkinson in Kings zone.
9:21 of 3rd period - Shot by Alexander Radulov.
9:21 of 3rd period - Shot Blocked by Stephen Johns.
9:23 of 3rd period - Shot by Cam Atkinson.
9:23 of 3rd period - Shot Misses the Net.
9:45 of 3rd period - Marc-Edouard Vlasic is hit by Alexander Radulov and loses puck.
10:16 of 3rd period - Icing by Zach Hyman.
10:17 of 3rd period - Vincent Trocheck wins face-off versus Jonathan Toews in Rangers zone.
10:22 of 3rd period - Shot by Ryan McDonagh.
10:22 of 3rd period - Shot Misses the Net.
10:29 of 3rd period - Icing by Noel Acciari.
10:30 of 3rd period - Jonathan Toews wins face-off versus Vincent Trocheck in Rangers zone.
10:31 of 3rd period - Shot by Andre Burakovsky.
10:31 of 3rd period - Shot Blocked by Ryan McDonagh.
10:45 of 3rd period - Shot by Noel Acciari.
10:45 of 3rd period - Stopped by Frederik Andersen with a rebound.
10:53 of 3rd period - Shot by Devin Shore.
10:53 of 3rd period - Stopped by Frederik Andersen without a rebound.
10:54 of 3rd period - Mikael Backlund wins face-off versus Zach Hyman in Kings zone.
11:15 of 3rd period - Shot by Mikael Backlund.
11:15 of 3rd period - Shot Misses the Net.
11:17 of 3rd period - Shot by Marc-Edouard Vlasic.
11:17 of 3rd period - Shot Blocked by Dmitry Kulikov.
11:19 of 3rd period - Shot by Jesper Fast.
11:19 of 3rd period - Shot Blocked by Connor McDavid.
11:44 of 3rd period - Icing by Zemgus Girgensons.
11:45 of 3rd period - Nick Paul wins face-off versus Vincent Trocheck in Kings zone.
11:45 of 3rd period - Nick Paul is hit by Vincent Trocheck.
11:56 of 3rd period - Minor Penalty to Noel Acciari for Tripping.
11:57 of 3rd period - Nick Bonino wins face-off versus Jonathan Toews in Rangers zone.
12:08 of 3rd period - Shot by Jonathan Toews.
12:08 of 3rd period - Stopped by Andrei Vasilevskiy with a rebound.
13:03 of 3rd period - Icing by Stephen Johns.
13:04 of 3rd period - Vincent Trocheck wins face-off versus Mikael Backlund in Kings zone.
13:27 of 3rd period - Shot by Jesper Fast.
13:27 of 3rd period - Shot Misses the Net.
13:29 of 3rd period - Shot by Stephen Johns.
13:29 of 3rd period - Shot Misses the Net.
13:31 of 3rd period - Shot by Mikael Backlund.
13:31 of 3rd period - Shot Misses the Net.
13:47 of 3rd period - Shot by Jordan Eberle.
13:47 of 3rd period - Shot Misses the Net.
14:10 of 3rd period - Connor McDavid is hit by Anthony Bitetto and loses puck.
14:15 of 3rd period - Shot by Alexander Radulov.
14:15 of 3rd period - Shot Blocked by Zemgus Girgensons.
14:17 of 3rd period - Shot by Zach Hyman.
14:17 of 3rd period - Shot Blocked by Nicolas Hague.
14:19 of 3rd period - Shot by Zach Hyman.
14:19 of 3rd period - Shot Blocked by Nicolas Hague.
15:11 of 3rd period - Shot by Erik Cernak.
15:11 of 3rd period - Deflect By Devin Shore.
15:11 of 3rd period - Shot Blocked by Nicolas Hague.
15:13 of 3rd period - Shot by Devin Shore.
15:13 of 3rd period - Shot Blocked by Zemgus Girgensons.
15:28 of 3rd period - Off-side.
15:29 of 3rd period - Jonathan Toews wins face-off versus Vincent Trocheck in neutral zone.
16:38 of 3rd period - Shot by Andre Burakovsky.
16:38 of 3rd period - Deflect By Mikael Backlund.
16:38 of 3rd period - Shot Misses the Net.
16:52 of 3rd period - Shot by Connor McDavid.
16:52 of 3rd period - Stopped by Frederik Andersen without a rebound.
16:53 of 3rd period - Nick Bonino wins face-off versus Lucas Wallmark in Kings zone.
17:26 of 3rd period - Shot by Cal Clutterbuck.
17:26 of 3rd period - Deflect By Nick Bonino.
17:26 of 3rd period - Stopped by Frederik Andersen without a rebound.
17:27 of 3rd period - Mikael Backlund wins face-off versus Connor McDavid in Kings zone.
18:12 of 3rd period - Shot by Jordan Eberle.
18:12 of 3rd period - Shot Misses the Net.
18:14 of 3rd period - Shot by Rickard Rakell.
18:14 of 3rd period - Shot Misses the Net.
18:16 of 3rd period - Shot by Jonathan Toews.
18:16 of 3rd period - Shot Misses the Net.
18:18 of 3rd period - Shot by Rickard Rakell.
18:18 of 3rd period - Stopped by Andrei Vasilevskiy without a rebound.
18:19 of 3rd period - Vincent Trocheck wins face-off versus Nick Paul in Rangers zone.
18:37 of 3rd period - Cam Atkinson is hit by Stephen Johns and loses puck.
18:40 of 3rd period - Shot by Vincent Trocheck.
18:40 of 3rd period - Stopped by Frederik Andersen without a rebound.
18:41 of 3rd period - Jonathan Toews wins face-off versus Nick Bonino in Kings zone.
19:08 of 3rd period - Icing by Nicolas Hague.
19:09 of 3rd period - Jonathan Toews wins face-off versus Vincent Trocheck in Kings zone.
19:27 of 3rd period - Minor Penalty to Erik Cernak for Hooking.
19:28 of 3rd period - Mikael Backlund wins face-off versus Nick Bonino in Rangers zone.
19:49 of 3rd period - Shot by Andre Burakovsky.
19:49 of 3rd period - Shot Misses the Net.
Goals for this period are 1 for Rangers vs 0 for Kings.
Shots for this period are 13 for Rangers vs 9 for Kings.